 Dungeon Crawl Stone Soup version 0.18.1-8-gdd0e5ea (webtiles) character file.

72 Metae the Insei (level 4, 0/35 HPs)
             Began as a Vampire Monk on May 25, 2016.
             Succumbed to an adder's poison
             ... on level 2 of the Dungeon.
             The game lasted 00:21:52 (2482 turns).

Metae the Insei (Vampire Monk)                      Turns: 2482, Time: 00:21:53

Health: 0/35       AC:  0    Str: 11    XL:     4   Next: 6%
Magic:  3/4        EV: 23    Int: 12    God:
Gold:   140        SH:  0    Dex: 21    Spells: 0 memorised, 3 levels left

rFire  . . .     SeeInvis +       - Unarmed
rCold  . . .     Gourm    .     (armour currently unavailable)
rNeg   + . .     Faith    .     (shield currently unavailable)
rPois  .         Spirit   .     (helmet currently unavailable)
rElec  .         Dismiss  .     (cloak currently unavailable)
rCorr  .         Reflect  .     (gloves currently unavailable)
SustAt .         Harm     .     (boots currently unavailable)
MR     .....                    (no amulet)
Stlth  +++.......               (ring currently unavailable)
                                (ring currently unavailable)

@: lethally poisoned (0 -> -3), bat-form, flying, very quick, not resistant to
hostile enchantments, fairly stealthy
A: fangs 3, see invisible, (unbreathing)
a: End Transformation


You were on level 2 of the Dungeon.
You were not thirsty.
You were in vampire-bat-form.
You visited 1 branch of the dungeon, and saw 2 of its levels.

You collected 140 gold pieces.

Inventory:

Hand Weapons
 d - a +0 short sword
 l - a +0 dagger
 q - a +0 quarterstaff
 u - a +0 short sword
Armour
 a - a +0 robe
 c - a +0 chain mail of magic resistance (melded)
 f - a +0 robe
 i - a +0 chain mail
 o - a +0 cloak (melded)
 p - a +0 pair of gloves (melded)
Jewellery
 m - a cursed -4 ring of strength (melded)
 t - a +5 ring of evasion (melded)
Wands
 n - a wand of paralysis (8/24)
Potions
 b - 7 potions of blood
 g - 2 potions of curing {unknown}
Comestibles
 s - 4 fruits


   Skills:
 + Level 3.0 Fighting
 + Level 4.1 Dodging
 + Level 4.0 Stealth
 + Level 5.0 Unarmed Combat


You had 3 spell levels left.
You didn't know any spells.

Dungeon Overview and Level Annotations

Branches:
Dungeon (2/15)

Altars:
Fedhas


Innate Abilities, Weirdness & Mutations

You have razor-sharp teeth.
You have supernaturally acute eyesight.
((You can survive without breathing.))


Message History

The gnoll closely misses you.
You hit the adder but do no damage. Your bite misses the adder.
The adder is heavily wounded.
The adder bites you.
You are poisoned.
The adder poisons you!
You hit the adder.
The adder is severely wounded.
You feel sick.
The gnoll hits you from afar with a spear.
* * * LOW HITPOINT WARNING * * *
The adder bites you.
* * * LOW HITPOINT WARNING * * *
You can't do that in your present form.
* * * LOW HITPOINT WARNING * * *
You feel sick.
* * * LOW HITPOINT WARNING * * *
You feel sick.
There is a lethal amount of poison in your body!
You die...

........##.######..#
#...........##
.......##.#########
....##. #.# # .. #.
#.# ### # #. #.#
..#.. #. #.# .....
#. #.######### .....
#. #b....#...# .....
#........## .....
######....## ..#..
##8## #S.### ..# .
8$..8##..# #....
.....##.)# .....
....._#..# ####.
.....##g.# #
8...8##..#


There were no monsters in sight!

Vanquished Creatures
  A gnoll (D:2)
  An adder (D:2)
  2 oozes (D:2)
  A worm (D:2)
  3 dart slugs
  A giant gecko (D:1)
  A giant cockroach (D:1)
  2 goblins (D:1)
  6 hobgoblins
  2 jackals (D:2)
  A kobold (D:1)
  5 bats
  11 rats
37 creatures vanquished.

Vanquished Creatures (others)
  A bat (D:1)
1 creature vanquished.

Grand Total: 38 creatures vanquished

Notes
Turn   | Place    | Note
--------------------------------------------------------------
     0 | D:1      | Metae the Vampire Monk began the quest for the Orb.
     0 | D:1      | Reached XP level 1. HP: 17/17 MP: 1/1
   700 | D:1      | Reached XP level 2. HP: 22/23 MP: 2/2
  1789 | D:2      | Reached XP level 3. HP: 26/28 MP: 3/3
  2108 | D:2      | Reached skill level 5 in Unarmed Combat
  2385 | D:2      | Found a blossoming altar of Fedhas.
  2460 | D:2      | Reached XP level 4. HP: 22/35 MP: 2/4
  2470 | D:2      | HP: 1/35 [poisoned by an adder]
  2475 | D:2      | HP: 1/35 [poisoned by an adder]
  2482 | D:2      | Succumbed to an adder's poison

Skill      XL: |  1  2  3 |
---------------+----------+-----
Unarmed Combat | 5 |  5.0
Dodging        | 4 |  4.1
Fighting       | 3 |  3.0
Stealth        | 4 |  4.0

Action                   |  1- 3 |  4- 6 || total
-------------------------+-------+-------++-------
Melee: Unarmed           |   134 |     6 ||   140
       Bite              |    13 |       ||    13
       Punch             |     3 |       ||     3
 Abil: Bat Form          |     1 |       ||     1
  Use: Potion            |     4 |       ||     4
       Scroll            |     3 |       ||     3
 Stab: Sleeping          |     6 |       ||     6
       Distracted        |     1 |       ||     1
Armor: Robe              |    20 |       ||    20
       Chain mail        |     8 |       ||     8
Dodge: Dodged            |   100 |     3 ||   103
